 Dungeon Crawl Stone Soup version 0.25-a0-516-g7d600cd (webtiles) character file.

Game seed: 13425947709336144710, levelgen mode: deterministic

79 15 the Grasshopper (level 4, -1/40 HPs)
             Began as a Naga Warper on Feb 16, 2020.
             Killed from afar by an orc wizard (10 damage)
             ... with a puff of flame
             ... on level 3 of the Dungeon.
             The game lasted 00:09:13 (1823 turns).

15 the Grasshopper (Naga Warper)                    Turns: 1823, Time: 00:09:13

Health: -1/40      AC:  2    Str: 13    XL:     4   Next: 37%
Magic:  6/7        EV:  9    Int: 13    God:
Gold:   100        SH:  0    Dex: 12    Spells: 1/8 levels left

rFire    . . .     SeeInvis +   a - +0 spear
rCold    . . .     Gourm    .   (no shield)
rNeg     . . .     Faith    .   b - +0 leather armour
rPois    +         Spirit   .   (no helmet)
rElec    .         Reflect  .   (no cloak)
rCorr    .         Harm     .   (no gloves)
MR       .....                  (no barding)
Stlth    +.........             g - amulet of the acrobat
HPRegen  0.13/turn              e - ring of flight
MPRegen  0.10/turn              (no ring)

@: short of breath, very slightly contaminated, lightly drained, very slow
A: large, see invisible, deformed body, poison resistance, slowness 2, slow
metabolism 1, spit poison 1, AC +1
a: Spit Poison, Evoke Flight


You were on level 3 of the Dungeon.
You were not hungry.

You visited 1 branch of the dungeon, and saw 3 of its levels.

You collected 100 gold pieces.

Inventory:

Hand Weapons
 a - a +0 spear (weapon)
Armour
 b - a +0 leather armour (worn)
Jewellery
 e - a ring of flight (left hand)
 g - an amulet of the acrobat (around neck)
Scrolls
 d - 3 scrolls of blinking
Potions
 h - a potion of heal wounds {unknown}
Comestibles
 c - a chunk of flesh
 f - 4 rations


   Skills:
 * Level 2.3(2.1) Fighting
 * Level 2.6(2.3) Polearms
 * Level 1.0(0.8) Throwing
 * Level 1.4(1.2) Armour
 * Level 2.0(1.8) Dodging
 * Level 0.7(0.5) Stealth
 * Level 2.5(2.3) Spellcasting
 * Level 0.5(0.3) Charms
 * Level 3.1(2.8) Translocations


You had one spell level left.
You knew the following spells:

 Your Spells              Type           Power        Failure   Level  Hunger
a - Blink                 Tloc           N/A          14%         2    ###....
b - Shroud of Golubria    Chrm/Tloc      #.....       24%         2    ###....
c - Lesser Beckoning      Tloc           #.........   28%         3    ###....

Your spell library contained the following spells:

 Spells                   Type           Power        Failure   Level  Hunger
 Gell's Gravitas          Tloc           #.........   28%         3    ###....
 Teleport Other           Tloc           #.......     28%         3    ###....
 Passage of Golubria      Tloc           N/A          67%         4    #####..


Dungeon Overview and Level Annotations

Branches:
Dungeon (3/15)

Altars:


Innate Abilities, Weirdness & Mutations

You cannot wear boots.
Your serpentine skin is tough. (AC +1)
You have supernaturally acute eyesight. (SInv)
Armour fits poorly on your strangely shaped body.
Your system is resistant to poisons. (rPois)
You cover ground very slowly.
You have a slow metabolism.
You can spit poison.


Message History

The splash of poison hits the orc.
The orc is poisoned.
You kill the orc!
You feel slightly more hungry. The orc hits you but does no damage.
Unknown command.
You barely miss the orc wizard.
The orc wizard points at you and mumbles some strange words.
The puff of flame hits you!
You hit the orc wizard but do no damage.
The orc closely misses you. The orc wizard casts a spell at you.
The puff of flame hits you!
* * * LOW HITPOINT WARNING * * *
You hit the orc wizard but do no damage.
The orc wizard hits you but does no damage.
You feel drained. The orc barely misses you.
You hit the orc wizard.
The orc wizard is moderately wounded.
The orc wizard casts a spell at you. The puff of flame hits you!
You die...

#..# #..## #
.^.# .# #..#
##.# #..# ...
#..##.# #<....#
.####...#o###.#
#.......@oo...#
...###...#####.#
# ##$## #.# #.#
#.# #.# #.


You could see an orc wizard and 2 orcs.

Vanquished Creatures
  A gnoll (D:1)
  An ooze (D:1)
  2 worms (D:2)
  A dart slug (D:1)
  3 leopard geckos
  An orc (D:3)
  4 bats
  6 giant cockroaches
  14 goblins
  10 kobolds
  A frilled lizard (D:2)
  6 rats
50 creatures vanquished.

Notes
Turn   | Place    | Note
-------+----------+-------------------------------------------
     0 | D:1      | 15 the Naga Warper began the quest for the Orb.
     0 | D:1      | Reached XP level 1. HP: 19/19 MP: 3/3
   233 | D:1      | Reached XP level 2. HP: 14/26 MP: 5/5
   538 | D:1      | Learned a level 2 spell: Blink
   541 | D:1      | Learned a level 2 spell: Shroud of Golubria
   573 | D:1      | Reached XP level 3. HP: 32/32 MP: 6/6
   586 | D:1      | Reached skill level 1 in Armour
   780 | D:1      | Reached skill level 1 in Throwing
   817 | D:1      | Learned a level 3 spell: Lesser Beckoning
  1456 | D:2      | Reached XP level 4. HP: 33/40 MP: 7/7
  1823 | D:3      | Killed from afar by an orc wizard

Levels and vault maps discovered:
D:1:      dpeg_arrival_tiny_i, layout_rooms, chequers_garden, minmay_domino_2
D:2:      layout_basic
D:3:      layout_loops_ring, okawaru_trees_1

Skill      XL: |  1  2  3 |
---------------+----------+-----
Armour         | 1 |  1.4
Throwing       | 1 |  1.0
Dodging        | 2 |  2.0
Fighting       | |  2.3
Polearms       | |  2.6
Stealth        | |  0.7
Spellcasting   | |  2.5
Charms         | |  0.5
Translocations | |  3.1

Action                   |  1- 3 |  4- 6 || total
-------------------------+-------+-------++-------
Melee: Spear             |    95 |    49 ||   144
Throw: Boomerang         |     5 |       ||     5
 Cast: Shroud of Golubri |     1 |     1 ||     2
       Blink             |       |     1 ||     1
 Abil: Spit Poison       |    22 |     6 ||    28
  Eat: Chunk             |     2 |     2 ||     4
Armor: Leather armour    |    15 |    10 ||    25
Dodge: Dodged            |    42 |    38 ||    80

Table legend:
 A = Non-vault XP
 B = Vault XP
 C = Vault XP percentage of total XP
 D = Non-vault monster count
 E = Vault monster count
 F = Vault count percentage of total count
                 A         B        C        D         E       F
            +---------+---------+-------+---------+---------+-------
      Total |     112 |       1 |   0.9 |      49 |       1 |   2.0
            +---------+---------+-------+---------+---------+-------
        D:1 |      65 |       1 |   1.5 |      26 |       1 |   3.7
        D:2 |      44 |       0 |   0.0 |      22 |       0 |   0.0
        D:3 |       3 |       0 |   0.0 |       1 |       0 |   0.0
            +---------+---------+-------+---------+---------+-------
